 Dungeon Crawl Stone Soup version 0.30-a0-800-g7c544603b3 (webtiles) character file.

Game seed: 2110606410029052751

224 2FriedEggs the Magician (level 5, 0/15 (35) HPs)
             Began as a Mummy Hedge Wizard on Feb 21, 2023.
             Slain by a black bear (3 damage)
             ... on level 4 of the Dungeon on Feb 22, 2023.
             The game lasted 00:09:09 (3627 turns).

2FriedEggs the Magician (Mummy Hedge Wizard)        Turns: 3627, Time: 00:09:09

HP:   0/15 (35)     AC:  3    Str: 20    XL:     5   Next: 67%
MP:   13/15         EV: 11    Int: 15    God:
Gold: 241           SH:  0    Dex: 11    Spells: 11/19 levels left

rFire   x . .      SeeInvis .    i - +0 short sword
rCold   + . .      Faith    +    (no shield)
rNeg    + + +      Spirit   .    d - +0 leather armour
rPois   ∞          Reflect  .    c - +0 hat
rElec   .          Harm     .    (no cloak)
rCorr   .          Rampage  .    (no gloves)
Will    .....                    (no boots)
Stlth   +                        (no amulet)
HPRegen 0.22/turn                h - +6 ring of strength
MPRegen 0.14/turn                (no ring)

@: extremely drained
A: cold resistance 1, negative energy resistance 3, torment resistance 2, heat
vulnerability 1, in touch with death 1, no potions, faith
a: no special abilities


You were on level 4 of the Dungeon.
You visited 1 branch of the dungeon, and saw 4 of its levels.

You collected 241 gold pieces.

Inventory:

Hand Weapons
 a - a +0 dagger
 i - a +0 short sword (weapon)
Armour
 c - a +0 hat (worn)
 d - a +0 leather armour (worn)
Jewellery
 b - a ring of ice
 h - a +6 ring of strength (left hand)
Scrolls
 e - a scroll of butterflies {unknown}
 f - 2 scrolls of fear {unknown}
 g - 2 scrolls of identify {unknown}
 j - 3 scrolls of vulnerability {unknown}
 k - a scroll of teleportation {unknown}
 l - a scroll of silence {unknown}


   Skills:
 - Level 1.5 Dodging
 - Level 1.5 Stealth
 + Level 7.9 Spellcasting
 - Level 0.7 Conjurations
 - Level 0.7 Summonings
 + Level 0.3 Necromancy
 - Level 0.7 Translocations


You had 11 spell levels left.
You knew the following spells:

 Your Spells              Type           Power      Damage    Failure   Level
a - Magic Dart            Conj           32%        1d4       11%         1
b - Cigotuvi's Dreadful   Necr/Pois/Air  18%        N/A       21%         2
c - Blink                 Tloc           16%        N/A       16%         2
d - Call Imp              Summ           8%         N/A       16%         2
e - Kiss of Death         Conj/Necr      44%        2d8       12%         1

Your spell library contained the following spells:

 Spells                   Type           Power      Damage    Failure   Level
 Sandblast                Erth           10%        2d5       14%         1
 Slow                     Hex            20%        N/A       14%         1
 Passwall                 Tmut/Erth      4%         N/A       22%         2
 Mephitic Cloud           Conj/Pois/Air  6%         N/A       36%         3
 Stone Arrow              Conj/Erth      14%        3d7       36%         3
 Confusing Touch          Hex            5%         N/A       41%         3
 Dispel Undead            Necr           10%        3d9       77%         4


Dungeon Overview and Level Annotations

Branches:
Dungeon (4/15)
 Temple: D:4-7

Altars:
Cheibriados
Hepliaklqana
Ru
Uskayaw

Annotations:
D:1 2 transporters


Innate Abilities, Weirdness & Mutations

You are immune to poison.
Your flesh is cold resistant. (rC+)
You are immune to negative energy. (rN+++)
You are immune to unholy pain and torment.
You are vulnerable to heat. (rF-)
You are in touch with the powers of death.
You do not drink.
You have a special connection with the divine. (Faith)


Message History

There is an escape hatch in the floor here.
Found a hand axe.
Found a rapier.
You see here a +0 rapier.
Okay, then.
You feel stronger.
h - a +6 ring of strength (left hand)
Okay, then.
You see here 7 stones.
Found 5 stones.
Found a short sword.
You see here a +0 short sword.
Done exploring.
Done exploring.
Done exploring.
Done exploring.
There is a stone staircase leading down here.
You climb downwards.
Found a stone staircase leading down.
There is a stone staircase leading up here.
Okay, then.
There is a stone staircase leading down here.
You open the door.
There is an open door here.
You now have 241 gold pieces (gained 19).
A black bear comes into view.
A black bear is nearby!
A black bear is nearby!
The black bear attacks as you move away!
The black bear closely misses you. The black bear claws you.
The black bear claws you but does no damage.
Casting: Magic Dart (safe; 11% risk of failure)
Confirm with . or Enter, or press ? or * to list all spells.
You feel a surge of power!
A part of your flesh rots into a cloud of miasma!
You feel drained. The black bear bites you. The black bear claws you. x2
* * * LOW HITPOINT WARNING * * *
The black bear attacks as you move away!
The black bear bites you.
You die...

#####.# #.....#
###.#.#########
#####.#.#.......#
#.......#.......##
#.##>...'........#
#<#...#........#
#.#.#.#........#
#.#.#....#####@##########
#.#.#.##.......h.........
..#..........#......#.#.
#####.###########........
#.. ...#.#.#. ..........
###..#.#.#. #........
#..#.#.#.


You could see a black bear.

Vanquished Creatures
  An adder (D:2)
  A worm (D:3)
  4 bats
  4 endoplasms
  A giant cockroach (D:2)
  2 goblins
  4 hobgoblins
  2 jackals (D:3)
  2 quokkas
  2 ball pythons (D:1)
  A frilled lizard (D:1)
  4 kobolds
  4 rats
32 creatures vanquished.

Vanquished Creatures (collateral kills)
  Grinder (D:3)
1 creature vanquished.

Grand Total: 33 creatures vanquished

Notes
Turn   | Place    | Note
-------+----------+-------------------------------------------
     0 | D:1      | 2FriedEggs the Mummy Hedge Wizard began the quest for the
                  | Orb.
     0 | D:1      | Reached XP level 1. HP: 13/13 MP: 5/5
   353 | D:1      | Reached XP level 2. HP: 19/19 MP: 2/7
   854 | D:1      | Reached skill level 5 in Spellcasting
  1111 | D:2      | Found a hazy altar of Hepliaklqana.
  1393 | D:2      | Gained mutation: You are in touch with the powers of death.
                  | [Mummy growth]
  1393 | D:2      | Reached XP level 3. HP: 24/24 MP: 5/9
  1396 | D:2      | Learned a level 2 spell: Cigotuvi's Dreadful Rot
  1399 | D:2      | Learned a level 2 spell: Blink
  1402 | D:2      | Learned a level 2 spell: Call Imp
  2130 | D:3      | Found a snail-covered altar of Cheibriados.
  2143 | D:3      | Noticed Grinder
  2224 | D:3      | Killed Grinder
  2225 | D:3      | Reached skill level 7 in Spellcasting
  2225 | D:3      | Reached XP level 4. HP: 30/30 MP: 1/13
  2225 | D:3      | Reached XP level 5. HP: 35/35 MP: 1/15
  2399 | D:3      | Learned a level 1 spell: Kiss of Death
  2504 | D:3      | Found a sacrificial altar of Ru.
  2966 | D:3      | Found a hide-covered altar of Uskayaw.
  3622 | D:4      | Noticed a black bear
  3627 | D:4      | Slain by a black bear

Illustrated notes

Levels and vault maps discovered:
D:1:      spicycebolla_arrival_transporter_tutorial, layout_rooms
D:2:      wad_pebble_path, layout_loops_ring, basic_altar
D:3:      layout_basic, amcnicky_altar_gilded, mainiacjoe_overflow_alcove_1,
          mainiacjoe_overflow_small_starburst, lightli_corner_chamber,
          uniq_grinder
D:4:      layout_basic, minmay_temple_entry_proselytizer, corexii_shack,
          glass_columns_b, uniq_edmund

Skill      XL: |  1  2  3 |
---------------+----------+-----
Spellcasting   | 5 7 |  7.9
Dodging        | |  1.5
Stealth        | |  1.5
Conjurations   | |  0.7
Summonings     | |  0.7
Necromancy     | |  0.3
Translocations | |  0.7

Action                     |  1- 3 |  4- 6 || total
---------------------------+-------+-------++-------
  Melee: Dagger            |    20 |       ||    20
         Short sword       |     3 |    22 ||    25
         Punch             |       |     1 ||     1
   Cast: Magic Dart        |    64 |    34 ||    98
         Call Imp          |     2 |       ||     2
         Cigotuvi's Dreadf |       |     4 ||     4
         Kiss of Death     |       |     1 ||     1
  Evoke: Wand              |     2 |       ||     2
 Armour: Leather armour    |    10 |    21 ||    31
  Dodge: Dodged            |    26 |    26 ||    52

Table legend: (Time is in decaauts)
 A = Elapsed time spent in this place.
 B = Non-inter-level travel time spent in this place.
 C = Inter-level travel time spent in this place.
 D = Time resting spent in this place.
 E = Time spent auto-exploring this place.
 F = Levels seen in this place.
 G = Mean time per level.
                   A        B        C        D        E       F      G
               +--------+--------+--------+--------+--------+-----+--------+
         Total |   3628 |   3475 |    153 |    927 |   1958 |   4 |  907.0 |
       Dungeon |   3628 |   3475 |    153 |    927 |   1958 |   4 |  907.0 |
               +--------+--------+--------+--------+--------+-----+--------+

Top non-repeatable levels by time:
     D:3: 1376 daAuts
     D:2: 1159 daAuts
     D:1: 1060 daAuts
     D:4: 31 daAuts
